 Dungeon Crawl Stone Soup version 0.28-a0-834-g1a73be5ee4 (webtiles) character file.

Game seed: 6850429177428153387

3537 tsouns the Grappler (level 10, -12/62 HPs)
             Began as a Vine Stalker Fighter on Nov 11, 2021.
             Was a Priest of Makhleb.
             Mangled by a two-headed ogre (14 damage)
             ... on level 9 of the Dungeon.
             The game lasted 00:14:00 (7328 turns).

tsouns the Grappler (Vine Stalker Fighter)          Turns: 7328, Time: 00:14:01

Health: -12/62     AC:  8    Str: 19    XL:     10   Next: 8%
Magic:  0/11       EV: 10    Int: 17    God:    Makhleb [***...]
Gold:   407        SH:  5    Dex: 14    Spells: 5/9 levels left

rFire   . . .      SeeInvis .     - Unarmed
rCold   . . .      Faith    .   b - +0 buckler
rNeg    . . .      Spirit   +   a - +0 scale mail
rPois   .          Reflect  .   (no helmet)
rElec   .          Harm     .   (no cloak)
rCorr   .          Rampage  .   (no gloves)
Will    ++...      Clarity  +   (no boots)
Stlth   ..........              (no amulet)
HPRegen 1.20/turn               p - ring of willpower
MPRegen 0.12/turn               e - +6 ring of intelligence

@: no status effects
A: fangs 3, regeneration 1, magic shield, antimagic bite, no potion heal 2,
iridescent scales 1, clarity, robust 1, evolution 1, MP-powered wands
a: Renounce Religion, Minor Destruction, Lesser Servant of Makhleb


You were on level 9 of the Dungeon.
You worshipped Makhleb.
Makhleb was most pleased with you.
You visited 1 branch of the dungeon, and saw 9 of its levels.

You collected 407 gold pieces.

Inventory:

Missiles
 d - 5 poisoned darts
 l - 3 curare-tipped darts (quivered)
Armour
 a - a +0 scale mail (worn)
 b - a +0 buckler (worn)
 u - the +1 robe of Day {*Corrode rF+ Int+4 Dex+4}
   (You found it on level 5 of the Dungeon)

   Int:       It affects your intelligence (+4).
   Dex:       It affects your dexterity (+4).
   rF:        It protects you from fire.
   *Corrode:  It may corrode you when you take damage.
Jewellery
 e - a +6 ring of intelligence (right hand)
 p - a ring of willpower (left hand)
 s - a ring of fire
 x - a ring of see invisible
 y - a ring of wizardry
 z - a ring of fire
Wands
 m - a wand of iceblast (8)
 A - a wand of acid (9)
Scrolls
 c - a scroll of teleportation
 f - a scroll of immolation
 j - 2 scrolls of amnesia
 q - a scroll of summoning
 v - a scroll of magic mapping
Potions
 g - 2 potions of haste
 h - 2 potions of heal wounds
 i - a potion of degeneration {unknown}
 k - a potion of brilliance {unknown}
 n - 2 potions of curing
 o - a potion of mutation
 r - a potion of flight
 t - a potion of attraction {unknown}
 w - a potion of magic
 B - 4 potions of lignification {unknown}


   Skills:
 + Level 8.9 Fighting
 + Level 3.5 Armour
 + Level 2.3 Dodging
 - Level 4.0 Shields
 + Level 9.4 Unarmed Combat
 + Level 0.5 Invocations


You had 5 spell levels left.
You knew the following spells:

 Your Spells              Type           Power      Damage    Failure   Level
a - Animate Skeleton      Necr           0%         N/A       56%         1
b - Apportation           Tloc           0%         N/A       56%         1
c - Poisonous Vapours     Pois/Air       0%         N/A       71%         2

Your spell library contained the following spells:

 Spells                   Type           Power      Damage    Failure   Level
 Slow                     Hex            0%         N/A       56%         1
 Summon Small Mammal      Summ           0%         N/A       56%         1
 Corpse Rot               Necr/Air       0%         N/A       71%         2
 Confusing Touch          Hex            0%         N/A       90%         3
 Frozen Ramparts          Ice            0%         1d2       90%         3
 Ignite Poison            Fire/Tmut/Pois 0%         N/A       90%         3
 Mephitic Cloud           Conj/Pois/Air  0%         N/A       90%         3
 Ice Form                 Ice/Tmut       0%         N/A       100%        4
 Summon Ice Beast         Ice/Summ       0%         N/A       100%        4
 Alistair's Intoxication  Tmut/Pois      0%         N/A       100%        5
 Freezing Cloud           Conj/Ice/Air   0%         6-21      100%        5
 Yara's Violent Unravell  Hex/Tmut       0%         3d3       100%        5


Dungeon Overview and Level Annotations

Branches:
Dungeon (9/15)             Temple (0/1) D:5
   Lair: D:8-11         Orc: D:9-12

Altars:
Ashenzari
Hepliaklqana
Makhleb
Xom
Yredelemnul
Zin

Annotations:
D:5 1 transporter


Innate Abilities, Weirdness & Mutations

You have razor-sharp teeth.
Your natural rate of healing is unusually fast.
When hurt, damage is shared between your health and your magic reserves.
Your bite disrupts and absorbs the magic of your enemies.
Potions cannot restore your health.
You are partially covered in iridescent scales. (AC +2)
You possess an exceptional clarity of mind.
You are robust. (+10% HP)
You have hidden genetic potential.
You expend magic power (3 MP) to strengthen your wands.


Message History

You drain its power.
The two-headed ogre is moderately wounded.
You punch the two-headed ogre! Your bite misses the two-headed ogre.
The two-headed ogre is heavily wounded.
The two-headed ogre hits you with a +0 dire flail!
The two-headed ogre barely misses you.
You hit the two-headed ogre but do no damage.
You bite the two-headed ogre. You drain its power.
You feel invigorated.
The two-headed ogre is severely wounded.
The two-headed ogre hits you with a +0 dire flail!
The two-headed ogre hits you with a +0 giant club!!
You are too injured to fight recklessly!
You are too injured to fight recklessly!
You are too injured to fight recklessly!
You are too injured to fight recklessly!
You are too injured to fight recklessly!
You are too injured to fight recklessly!
You are too injured to fight recklessly!
You are too injured to fight recklessly!
You are too injured to fight recklessly!
You are too injured to fight recklessly!
You are too injured to fight recklessly!
You are too injured to fight recklessly!
You are too injured to fight recklessly!
You are too injured to fight recklessly!
Unknown command.
You hit the two-headed ogre. You bite the two-headed ogre. You drain its power.
You feel invigorated.
The two-headed ogre is severely wounded.
You hit the two-headed ogre but do no damage.
The two-headed ogre is severely wounded.
The two-headed ogre hits you with a +0 dire flail!
* * * LOW HITPOINT WARNING * * *
The two-headed ogre hits you with a +0 giant club!!
* * * LOW HITPOINT WARNING * * *
You closely miss the two-headed ogre. You bite the two-headed ogre!
You drain its power.
You feel invigorated.
The two-headed ogre is almost dead.
The two-headed ogre hits you with a +0 dire flail!!
You die...

######### #.......#
#.......# ....
#.......# ....
#.......# ...
#####O@.# ....
##'##..####'# .....
#...........#
......#...........#
......#...........#
......#...........#
......###....##...#
........#....##...#
........'....#....#


You could see a two-headed ogre.

Vanquished Creatures
  Grinder (D:5)
  The ghost of MirrMurr the Thrower, an amateur GnHu of Dithmenos (D:5)
  A hornet (D:8)
  A human (D:3)
  2 water moccasins
  An ice beast (D:6)
  3 orc warriors
  3 sky beasts
  4 ogres
  A kobold brigand (D:7)
  A phantom (D:3)
  4 bullfrogs
  2 wyvern zombies
  3 scorpions
  A wyvern skeleton (D:6)
  A water moccasin skeleton (D:5)
  3 killer bees (D:9)
  An electric eel (D:8)
  2 centaur zombies
  A jelly (D:5)
  3 hounds
  2 bullfrog skeletons
  2 orc priests
  An iguana (D:6)
  2 orc wizards
  A hound skeleton (D:4)
  8 adders
  3 gnolls
  A shadow imp (D:6)
  2 white imps (D:7)
  3 worms
  A dart slug (D:1)
  21 orcs
  2 bats (D:1)
  9 endoplasms
  3 giant cockroaches
  6 goblins
  3 hobgoblins
  4 quokkas
  4 ball pythons
  4 frilled lizards
  A jackal zombie (D:3)
  9 kobolds
  3 rats
135 creatures vanquished.

Notes
Turn   | Place    | Note
-------+----------+-------------------------------------------
     0 | D:1      | tsouns the Vine Stalker Fighter began the quest for the
                  | Orb.
     0 | D:1      | Reached XP level 1. HP: 11/11 MP: 2/2
   298 | D:1      | Reached XP level 2. HP: 16/16 MP: 3/3
   921 | D:2      | Reached XP level 3. HP: 9/20 MP: 2/4
  1135 | D:2      | Learned a level 1 spell: Animate Skeleton
  1137 | D:2      | Learned a level 1 spell: Apportation
  1537 | D:2      | Found a faded altar of an unknown god.
  1696 | D:2      | Prayed at the altar of an unknown god.
  1696 | D:2      | Became a worshipper of Makhleb the Destroyer
  1696 | D:2      | Reached * piety under Makhleb
  1924 | D:2      | Gained mutation: Your natural rate of healing is unusually
                  | fast. [Vine Stalker growth]
  1924 | D:2      | Reached XP level 4. HP: 24/24 MP: 5/5
  2301 | D:3      | Reached skill level 3 in Unarmed Combat
  2428 | D:3      | Found a glowing silver altar of Zin.
  2825 | D:3      | Found a runed translucent door.
  2825 | D:3      | Noticed a human
  2830 | D:3      | Found a basalt altar of Yredelemnul.
  3023 | D:3      | Killed a human
  3024 | D:3      | Reached XP level 5. HP: 29/29 MP: 6/6
  3024 | D:3      | Reached XP level 6. HP: 33/33 MP: 7/7
  3482 | D:4      | Reached skill level 4 in Unarmed Combat
  3486 | D:4      | Noticed a sky beast
  3518 | D:4      | Killed a sky beast
  3537 | D:4      | Noticed an orc warrior
  3726 | D:3      | Killed an orc warrior
  3727 | D:3      | Reached skill level 5 in Fighting
  3727 | D:3      | Reached skill level 5 in Unarmed Combat
  3727 | D:3      | Reached XP level 7. HP: 37/39 MP: 4/8
  3892 | D:4      | Reached ** piety under Makhleb
  4154 | D:4      | Learned a level 2 spell: Poisonous Vapours
  4176 | D:5      | Entered Level 5 of the Dungeon
  4284 | D:5      | Noticed MirrMurr's ghost (amateur GnHu)
  4323 | D:5      | Reached skill level 6 in Unarmed Combat
  4323 | D:5      | Gained mutation: You have razor-sharp teeth. [Vine Stalker
                  | growth]
  4323 | D:5      | Reached XP level 8. HP: 44/44 MP: 9/9
  4338 | D:5      | Found a transporter.
  4356 | D:5      | Found a transporter.
  4384 | D:5      | Found a staircase to the Ecumenical Temple.
  4670 | D:5      | Identified the +1 robe of Day {*Corrode rF+ Int+4 Dex+4}
  4802 | D:5      | Killed MirrMurr's ghost
  4848 | D:6      | Noticed Grinder
  4860 | D:5      | Reached skill level 7 in Unarmed Combat
  4871 | D:5      | Killed Grinder
  4964 | D:6      | Reached XP level 9. HP: 40/50 MP: 7/10
  4991 | D:6      | Reached skill level 8 in Unarmed Combat
  5476 | D:7      | Gained mutation: You are frail. (-10% HP) [potion of
                  | mutation]
  5476 | D:7      | Gained mutation: You sometimes lose the ability to read
                  | scrolls when taking damage. [potion of mutation]
  5476 | D:7      | Gained mutation: You possess an exceptional clarity of
                  | mind. [potion of mutation]
  5548 | D:7      | Lost mutation: You are frail. (-10% HP) [potion of
                  | mutation]
  5548 | D:7      | Lost mutation: You sometimes lose the ability to read
                  | scrolls when taking damage. [potion of mutation]
  5548 | D:7      | Gained mutation: You are robust. (+10% HP) [potion of
                  | mutation]
  5548 | D:7      | Gained mutation: You have hidden genetic potential. [potion
                  | of mutation]
  5548 | D:7      | Gained mutation: You expend magic power (3 MP) to
                  | strengthen your wands. [potion of mutation]
  5548 | D:7      | Gained mutation: You are partially covered in iridescent
                  | scales. (AC +2) [potion of mutation]
  5645 | D:7      | Found a broken altar of Ashenzari.
  5646 | D:7      | Found a shimmering altar of Xom.
  5693 | D:7      | Reached *** piety under Makhleb
  5800 | D:7      | Reached skill level 9 in Unarmed Combat
  5907 | D:7      | Found a hazy altar of Hepliaklqana.
  5949 | D:7      | Reached skill level 1 in Dodging
  6523 | D:8      | Noticed a hornet
  6527 | D:8      | Paralysed by a hornet for 2 turns
  6533 | D:8      | Killed a hornet
  6589 | D:8      | Reached XP level 10. HP: 51/62 MP: 9/11
  7321 | D:9      | Noticed a two-headed ogre
  7327 | D:9      | HP: 1/62 [two-headed ogre (17)]
  7328 | D:9      | Mangled by a two-headed ogre

Illustrated notes

Levels and vault maps discovered:
D:1:      roderic_octagonal_star, layout_basic, minmay_distorted
D:2:      layout_loops_ring, shapermc_ecumenical_altar_notcrosses,
          minmay_misc_feat_rugged
D:3:      layout_basic, dk_yredelemnul_ordeal, mainiacjoe_overflow_tiny_flanked
D:4:      layout_rooms
D:5:      layout_rooms, minmay_temple_entry_offerings, gammafunk_ghost_arena
D:6:      layout_cave_pools, uniq_grinder
D:7:      layout_gridville, kennysheep_little_box,
          mainiacjoe_overflow_catwalk_spiral, minmay_misc_feat_chi
D:8:      layout_basic, kennysheep_donut, minivault_26,
          minmay_misc_feat_more_columns
D:9:      layout_gridville, lemuel_doored_altar, special_room
          [special_room_bee], lightli_minifort, uniq_erolcha

Skill      XL: |  1  2  3  4  5  6  7  8  9 10 |
---------------+-------------------------------+-----
Fighting       | 3 4 5 7 8 |  8.9
Shields        | 3 4 |  4.0
Unarmed Combat | 3 5 6 7 9 |  9.4
Dodging        | 1 2 |  2.3
Armour         | 3 |  3.5
Invocations    | |  0.5

Action                   |  1- 3 |  4- 6 |  7- 9 | 10-12 || total
-------------------------+-------+-------+-------+-------++-------
Melee: Unarmed           |   116 |   109 |   285 |    56 ||   566
       Bite              |    30 |    30 |   106 |    14 ||   180
Throw: Dart              |     5 |    13 |     9 |       ||    27
  Use: Scroll            |       |       |    11 |       ||    11
       Potion            |       |       |     9 |       ||     9
Armor: Scale mail        |    36 |    37 |    73 |    11 ||   157
Dodge: Dodged            |    56 |    22 |    87 |    30 ||   195
Block: Buckler           |    20 |    23 |    61 |    15 ||   119

Table legend: (Time is in decaauts)
 A = Elapsed time spent in this place.
 B = Non-inter-level travel time spent in this place.
 C = Inter-level travel time spent in this place.
 D = Time resting spent in this place.
 E = Time spent auto-exploring this place.
 F = Levels seen in this place.
 G = Mean time per level.
                   A        B        C        D        E       F      G
               +--------+--------+--------+--------+--------+-----+--------+
         Total |   7249 |   6896 |    353 |      0 |   5541 |   9 |  805.4 |
       Dungeon |   7249 |   6896 |    353 |      0 |   5541 |   9 |  805.4 |
               +--------+--------+--------+--------+--------+-----+--------+

Top non-repeatable levels by time:
     D:2: 1384 daAuts
     D:3: 1350 daAuts
     D:7: 977 daAuts
     D:1: 901 daAuts
     D:8: 789 daAuts
     D:5: 645 daAuts
     D:4: 560 daAuts
     D:6: 510 daAuts
     D:9: 129 daAuts
